 Dungeon Crawl Stone Soup version 0.29.1-1-gd02db6906a (webtiles) character file.

Game seed: 15745270855427083915

2 byup the Firebug (level 1, -1/10 HPs)
             Began as a Deep Elf Fire Elementalist on Oct 13, 2022.
             Slain by an endoplasm (3 damage)
             ... on level 1 of the Dungeon.
             The game lasted 00:02:06 (191 turns).

byup the Firebug (Deep Elf Fire Elementalist)        Turns: 191, Time: 00:02:07

Health: -1/10      AC:  2    Str:  5    XL:     1   Next: 33%
Magic:  5/6        EV: 12    Int: 19    God:
Gold:   19         SH:  0    Dex: 15    Spells: 5/6 levels left

rFire   . . .      SeeInvis .   d - +0 dagger (venom)
rCold   . . .      Faith    .   (no shield)
rNeg    . . .      Spirit   .   a - +0 robe
rPois   .          Reflect  .   (no helmet)
rElec   .          Harm     .   (no cloak)
rCorr   .          Rampage  .   (no gloves)
Will    .....                   (no boots)
Stlth   ++........              (no amulet)
HPRegen 0.03/turn               (no ring)
MPRegen 0.10/turn               (no ring)

@: no status effects
A: no striking features
a: no special abilities


You were on level 1 of the Dungeon.
You visited 1 branch of the dungeon, and saw 1 of its levels.

You collected 19 gold pieces.

Inventory:

Hand Weapons
 c - a +0 hand axe
 d - a +0 dagger of venom (weapon)
Armour
 a - a +0 robe (worn)
Potions
 b - 2 potions of magic


   Skills:
 + Level 2.4 Dodging
 + Level 2.4 Stealth
 + Level 3.0 Spellcasting
 + Level 1.1 Conjurations
 + Level 3.5 Fire Magic


You had 5 spell levels left.
You knew the following spells:

 Your Spells              Type           Power      Damage    Failure   Level
a - Foxfire               Conj/Fire      44%        2x1d6     6%          1

Your spell library contained the following spells:

 Spells                   Type           Power      Damage    Failure   Level
 Scorch                   Fire           32%        2d6       5%          2
 Conjure Flame            Conj/Fire      11%        6-21      19%         3
 Inner Flame              Hex/Fire       9%         N/A       22%         3
 Flame Wave               Conj/Fire      11%        2d6       52%         4


Dungeon Overview and Level Annotations

Branches:
Dungeon (1/15)

Altars:


Message History

You conjure some foxfire!
Found a stone staircase leading down.
The foxfire hits the goblin.
The goblin is moderately wounded.
The goblin shouts!
The foxfire hits the goblin.
You kill the goblin!
Things that are here:
a +0 dagger of venom; a goblin corpse
d - a +0 dagger of venom Your +0 dagger of venom begins to drip with poison!
d - a +0 dagger of venom (weapon)
There is a stone staircase leading down here.
There is a stone staircase leading down here.
You see here a goblin corpse.
Found a faded altar of an unknown god.
You see here a +0 leather armour.
An endoplasm comes into view.
Casting: Foxfire (safe; 6% risk of failure)
Press: ? - help, Q - select action Dir - look around, f - activate Look: an endoplasm (asleep)
You conjure some foxfire!
Your foxfire dissipates!
The endoplasm quivers.
The endoplasm freezes you.
You are frozen.
You hit the endoplasm but do no damage. You punch the endoplasm.
The endoplasm is lightly wounded.
The endoplasm hits you.
You hit the endoplasm but do no damage.
The endoplasm is poisoned.
The endoplasm is lightly wounded.
The endoplasm freezes you.
You are frozen.
* * * LOW HITPOINT WARNING * * *
You barely miss the endoplasm.
The endoplasm is heavily wounded.
The endoplasm hits you.
* * * LOW HITPOINT WARNING * * *
Your foxfire dissipates!
The endoplasm attacks as you move away! The endoplasm hits you.
You die...

#...####........#
#...# #...##...#
####...####...##...#
...................#
...................#
#.##################
.................#
#.##############.#
#.# #@# .[#########
#J# ..........# #.#
#########.# #.#
#######.# #.#
........## #..
.........# ###
....P....#
###...P..#


You could see an endoplasm (very poisoned).

Vanquished Creatures
  A ball python (D:1)
  A goblin (D:1)
2 creatures vanquished.

Vanquished Creatures (others)
  3 foxfires (D:1)
3 creatures vanquished.

Grand Total: 5 creatures vanquished

Notes
Turn   | Place    | Note
-------+----------+-------------------------------------------
     0 | D:1      | byup the Deep Elf Fire Elementalist began the quest for the
                  | Orb.
     0 | D:1      | Reached XP level 1. HP: 10/10 MP: 6/6
   151 | D:1      | Found a faded altar of an unknown god.
   191 | D:1      | Slain by an endoplasm

Illustrated notes

Levels and vault maps discovered:
D:1:      dpeg_arrival_boxorama, layout_loops_ring,
          shapermc_ecumenical_altar_mp_ritualfount, minmay_strange_pillars

Action                   || total
-------------------------++-------
Melee: Dagger            ||     3
       Hand axe          ||     1
       Punch             ||     1
 Cast: Foxfire           ||     3
